 Dungeon Crawl Stone Soup version 0.26-a0-852-g6321bf7485 (webtiles) character file.

Game seed: 3856480159253601325

548 gishou the Cudgeller (level 7, -2/41 HPs)
             Began as a Kobold Fighter on Nov 21, 2020.
             Killed from afar by an electric eel (12 damage)
             ... with a bolt of electricity
             ... on level 6 of the Dungeon.
             The game lasted 00:09:12 (4366 turns).

gishou the Cudgeller (Kobold Fighter)               Turns: 4366, Time: 00:09:13

Health: -2/41      AC: 11    Str: 13      XL:     7   Next: 53%
Magic:  7/7        EV: 14    Int: 14      God:
Gold:   68         SH:  9    Dex: 14 (15) Spells: 6/6 levels left

rFire    . . .     SeeInvis .   a - +2 flail
rCold    . . .     Faith    .   m - +3 buckler {AC+3}
rNeg     . . .     Spirit   .   b - +0 scale mail
rPois    .         Reflect  .   q - +1 helmet {Int+3}
rElec    .         Harm     .   (no cloak)
rCorr    .         Rampage  .   (no gloves)
MR       +....                  (no boots)
Stlth    +.........             (no amulet)
HPRegen  0.13/turn              s - +4 ring of evasion
MPRegen  0.10/turn              l - ring of protection from magic

@: no status effects
A: small, nightstalker 3
a: no special abilities


You were on level 6 of the Dungeon.
You visited 1 branch of the dungeon, and saw 5 of its levels.

You collected 229 gold pieces.
You spent 161 gold pieces at shops.

Inventory:

Hand Weapons
 a - a +2 flail (weapon)
Missiles
 f - 30 poisoned darts (quivered)
Armour
 b - a +0 scale mail (worn)
 m - a +3 buckler of protection (worn)
 q - a +1 helmet of intelligence (worn)
Jewellery
 c - an uncursed ring of wizardry
 l - a ring of protection from magic (right hand)
 s - a +4 ring of evasion (left hand)
Scrolls
 e - 2 scrolls of remove curse
 j - a scroll of immolation
Potions
 d - a potion of might
 g - a potion of haste {unknown}
 i - a potion of flight {unknown}
 k - 2 potions of curing {unknown}
 n - a potion of magic {unknown}
 o - a potion of degeneration {unknown}
 r - a potion of attraction {unknown}
 t - a potion of mutation


   Skills:
 - Level 3.2 Fighting
 + Level 5.1 Maces & Flails
 - Level 2.4 Armour
 + Level 5.0 Shields


You had 6 spell levels left.
You didn't know any spells.
Your spell library was empty.

Dungeon Overview and Level Annotations

Branches:
Dungeon (4/15)
 Temple: D:4-7

Altars:
Ashenzari
Dithmenos
Elyvilon
Makhleb
Yredelemnul
Zin

Shops:
D:4 *


Innate Abilities, Weirdness & Mutations

You are small and have problems with some larger weapons.
You are completely attuned to the shadows.


Message History

You barely miss the centaur.
The centaur is almost dead.
The centaur barely misses you.
You hit the centaur.
The centaur is almost dead.
The centaur hits you! You block the centaur's attack.
You sock the centaur!
You kill the centaur!
You feel your dexterity returning.
Your Maces & Flails skill increases to level 5!
Your Shields skill increases to level 5!
An electric eel comes into view.
The electric eel shoots out a bolt of lightning at you!
The bolt of electricity misses you.
The electric eel shoots out a bolt of lightning at you!
The bolt of electricity hits you!
* * * LOW HITPOINT WARNING * * *
The electric eel shoots out a bolt of lightning at you!
The bolt of electricity hits you!
You die...

###C###
####.####
♣........
♣♣♣#.####
≈≈♣..# ≈≈≈≈.#
.≈...###
.......#######
.......J.@....
≈≈≈≈≈♣≈≈######
P≈≈≈≈;≈≈≈#
≈≈≈≈P≈≈P≈
≈P≈≈≈♣##


You could see a jelly and an electric eel.

Vanquished Creatures
  A centaur (D:6)
  The ghost of DarkMailMan the Firebug, an amateur DEFE (D:3)
  A centaur zombie (D:6)
  3 quasits (D:3)
  An orc priest (D:3)
  2 orc wizards (D:4)
  2 worker ants
  5 adders
  A shadow imp (D:4)
  An ooze (D:4)
  2 worms (D:3)
  2 dart slugs
  3 leopard geckos
  6 orcs
  2 giant cockroaches
  2 gnoll zombies (D:2)
  3 goblins
  2 hobgoblins
  5 jackals (D:2)
  4 quokkas
  6 bats
  4 frilled lizards
  4 kobolds
  A quokka skeleton (D:4)
  7 rats
71 creatures vanquished.

Vanquished Creatures (others)
  An orc wizard (D:4)
  A plant (D:6)
2 creatures vanquished.

Grand Total: 73 creatures vanquished

Notes
Turn   | Place    | Note
-------+----------+-------------------------------------------
     0 | D:1      | gishou the Kobold Fighter began the quest for the Orb.
     0 | D:1      | Reached XP level 1. HP: 14/14 MP: 1/1
   122 | D:1      | Reached XP level 2. HP: 17/19 MP: 2/2
   939 | D:2      | Reached XP level 3. HP: 21/23 MP: 3/3
  1515 | D:2      | Found a basalt altar of Yredelemnul.
  1583 | D:2      | Reached XP level 4. HP: 28/28 MP: 4/4
  2134 | D:3      | Found a transporter.
  2140 | D:3      | Found a transporter.
  2142 | D:3      | Noticed DarkMailMan's ghost (amateur DEFE)
  2181 | D:3      | Reached XP level 5. HP: 30/32 MP: 5/5
  2434 | D:3      | Found a burning altar of Makhleb.
  2436 | D:3      | Found a glowing silver altar of Zin.
  2437 | D:3      | Noticed a balrug
  2440 | D:3      | Noticed an angel
  2961 | D:3      | Found a broken altar of Ashenzari.
  2967 | D:3      | Found a shadowy altar of Dithmenos.
  3111 | D:3      | Killed DarkMailMan's ghost
  3112 | D:3      | Reached XP level 6. HP: 29/37 MP: 6/6
  3779 | D:4      | Reached XP level 7. HP: 25/41 MP: 7/7
  3993 | D:4      | Found a white marble altar of Elyvilon.
  4036 | D:4      | Found Wisor's General Store.
  4045 | D:4      | Bought a +0 helmet of intelligence for 161 gold pieces
  4283 | D:4      | You fall into a shaft and drop 2 floors!
  4324 | D:6      | Noticed a cyclops
  4356 | D:6      | Reached skill level 5 in Maces & Flails
  4356 | D:6      | Reached skill level 5 in Shields
  4366 | D:6      | Killed from afar by an electric eel

Illustrated notes

Levels and vault maps discovered:
D:1:      psy_arrival_dodecagon, layout_loops_cross
D:2:      layout_loops_ring, lemuel_zombie_altar_yredelemnul,
          serial_park_tiny_pond, minmay_randomly_rotated_circles
D:3:      layout_loops_ring, grunt_temple_overflow_order_and_chaos_2,
          amethyst_overflow_temple_binary, gammafunk_ghost_stat_death,
          minivault_23, eino_tiny_chamber
D:4:      minmay_wonky_spiral, layout_basic, lemuel_crystal_altar, serial_shops,
          nicolae_shop_statue_plus
D:6:      layout_loops_ring, gup_ossuary_entry_pyramid, serial_bayou_ford_a,
          uniq_pikel, uniq_edmund

Skill      XL: |  1  2  3  4  5  6  7 |
---------------+----------------------+-----
Maces & Flails | 2 3 4 5 |  5.1
Shields        | 3 4 5 |  5.0
Fighting       | |  3.2
Armour         | |  2.4

Action                   |  1- 3 |  4- 6 |  7- 9 || total
-------------------------+-------+-------+-------++-------
Melee: Flail             |   106 |   243 |    54 ||   403
Throw: Dart              |     1 |    13 |       ||    14
  Use: Scroll            |       |     7 |     3 ||    10
 Stab: Distracted        |       |     1 |       ||     1
       Sleeping          |       |     1 |       ||     1
Armor: Scale mail        |    41 |   217 |     9 ||   267
Dodge: Dodged            |    37 |   341 |    36 ||   414
Block: Kite shield       |    27 |       |       ||    27
       Buckler           |    32 |   204 |    20 ||   256

Table legend: (Time is in decaauts)
 A = Elapsed time spent in this place.
 B = Non-inter-level travel time spent in this place.
 C = Inter-level travel time spent in this place.
 D = Time resting spent in this place.
 E = Time spent auto-exploring this place.
 F = Levels seen in this place.
 G = Mean time per level.
                   A        B        C        D        E       F      G
               +--------+--------+--------+--------+--------+-----+--------+
         Total |   4462 |   4332 |    130 |    837 |   2642 |   5 |  892.4 |
       Dungeon |   4462 |   4332 |    130 |    837 |   2642 |   5 |  892.4 |
               +--------+--------+--------+--------+--------+-----+--------+

Top non-repeatable levels by time:
     D:3: 1471 daAuts
     D:2: 1376 daAuts
     D:1: 786 daAuts
     D:4: 742 daAuts
     D:6: 86 daAuts
